 Dungeon Crawl Stone Soup version 0.30.1-9-gdf580d7c3d (webtiles) character file.

Game seed: 13826556241102832351

4903 eliilek the Basher (level 10, -4/96 HPs)
             Began as a Minotaur Berserker on Oct 15, 2023.
             Was an Elder of Trog.
             Slain by an ogre
             ... wielding a +0 giant club
              (28 damage)
             ... on level 9 of the Dungeon.
             The game lasted 00:28:24 (9699 turns).

eliilek the Basher (Minotaur Berserker)             Turns: 9699, Time: 00:28:25

Health: -4/96      AC: 14    Str: 23    XL:     10   Next: 27%
Magic:  9/9        EV:  6    Int:  2    God:    Trog [****..]
Gold:   584        SH:  6    Dex: 11    Spells: 9/9 levels left

rFire   . . .        b - +4 sling
rCold   . . .        u - +0 kite shield
rNeg    . . .        m - +0 plate armour
rPois   .            (helmet restricted)
rElec   .            x - +0 cloak
rCorr   +            (no gloves)
SInv    .            A - +0 pair of boots {rampage}
Will    .....        (no amulet) Stlth
                     n - ring of resist corrosion
HPRegen 0.36/turn    (no ring)
MPRegen 0.11/turn

%: rampage
@: no status effects
A: horns 2, retaliatory headbutt, dopey 1, weak 1
a: Renounce Religion, Berserk, Trog's Hand, Brothers in Arms


You were on level 9 of the Dungeon.
You worshipped Trog.
Trog was greatly pleased with you.
You visited 1 branch of the dungeon, and saw 9 of its levels.
You also visited: Bailey.

You collected 584 gold pieces.

Inventory:

Hand Weapons
 a - a +1 heavy flail
 b - a +4 sling (weapon)
Missiles
 q - 11 poisoned darts
 y - a curare-tipped dart
Armour
 m - a +0 plate armour (worn)
 u - a +0 kite shield (worn)
 x - a +0 cloak (worn)
 A - a +0 pair of boots of rampaging (worn)
Jewellery
 j - a ring of fire
 n - a ring of resist corrosion (left hand)
Wands
 r - a wand of flame (4)
 t - a wand of polymorph (6)
Scrolls
 c - a scroll of silence
 d - a scroll of brand weapon {unknown}
 e - 5 scrolls of teleportation
 g - a scroll of vulnerability {unknown}
 i - a scroll of enchant armour
 k - a scroll of butterflies {unknown}
 p - 2 scrolls of enchant weapon
 s - 2 scrolls of magic mapping {unknown}
 D - 2 scrolls of fog {unknown}
Potions
 f - 2 potions of might
 h - 6 potions of curing
 l - 3 potions of heal wounds
 o - 2 potions of berserk rage
 w - 3 potions of cancellation


   Skills:
 + Level 11.3 Fighting
 - Level 14.0 Maces & Flails
 + Level 1.2 Ranged Weapons
 * Level 4.5 Armour
 - Level 3.3 Dodging
 * Level 0.0 Shields


You had 9 spell levels left.
You didn't know any spells.
Your spell library was empty.

Dungeon Overview and Level Annotations

Branches:
Dungeon (9/15)             Temple (0/1) D:7          Bailey (visited)
   Lair: D:8-11         Orc: D:9-12

Altars:
Ashenzari
Elyvilon
Sif Muna
Yredelemnul

Shops:
D:5 =


Innate Abilities, Weirdness & Mutations

You have a pair of horns on your head.
You reflexively headbutt those who attack you in melee.
You are dopey. (Int -2)
You are weak. (Str -2)


Message History

You block the ogre's attack.
You shoot a sling bullet. The orc shouts!
The sling bullet hits the ogre but does no damage.
The ogre is moderately wounded.
You hear a shout!
The ogre closely misses you.
An orc comes into view. It is wielding a +0 whip.
You shoot a sling bullet. The orc shouts!
The sling bullet hits the ogre!
The ogre is severely wounded.
You hear a shout!
An orc comes into view. It is wielding a +0 hand axe.
An orc comes into view. It is wielding a +0 whip.
The ogre hits you with a +0 giant club!!
An orc comes into view. It is wielding a +0 mace.
You shoot a sling bullet. The orc shouts!
The sling bullet hits the ogre.
The ogre is severely wounded.
You hear a shout!
The ogre barely misses you. The ogre hits you but does no damage.
An orc comes into view. It is wielding a +0 short sword.
The orc shouts!
An orc warrior comes into view.
It is wielding a +2 battleaxe of distortion.
You shoot a sling bullet. The sling bullet hits the ogre.
The ogre is severely wounded.
The ogre hits you with a +0 giant club!
Unknown command.
You shoot a sling bullet.
The sling bullet barely misses the ogre.
The ogre hits you with a +0 giant club!!
* * * LOW HITPOINT WARNING * * *
The orc shouts!
Unknown command.
Unknown command.
The ogre attacks as you move away!
The ogre hits you with a +0 giant club!!
You die...

#### ..oo. o.oooo#####
#########
_.oooooo..###........#
$$o..o###O.##.<......#
..$.$ ##@##........#
...o #.##........#


.oo #...........# o. ####........# . #........# #.....>..# ##.####### #...#
###.# You could see an orc warrior and an ogre.

Vanquished Creatures
  Pikel (D:4)
  A hornet (D:8)
  Grinder (D:4)
  A steam dragon (D:7)
  2 water moccasins
  2 ice beasts
  4 orc warriors
  A black bear (D:5)
  An ogre (D:6)
  2 centaurs
  2 phantoms
  2 kobold brigands
  2 bullfrogs
  3 scorpions
  A gnoll sergeant (D:8)
  An electric eel (D:7)
  A howler monkey (D:7)
  6 hounds
  A jelly (D:8)
  2 orc priests
  A gnoll bouda (D:6)
  2 iguanas
  A sleepcap (D:5)
  7 orc wizards
  18 gnolls
  10 adders
  3 river rats (D:4)
  3 white imps (D:5)
  2 dart slugs
  7 worms
  21 orcs
  7 endoplasms
  6 giant cockroaches
  7 goblins
  9 hobgoblins
  8 jackals
  5 quokkas
  7 ball pythons
  10 bats
  4 frilled lizards
  21 kobolds
  6 rats
202 creatures vanquished.

Vanquished Creatures (collateral kills)
  An orc knight (Bailey)
  A deep elf zephyrmancer (Bailey)
  2 orc warriors (Bailey)
  An orc (Bailey)
5 creatures vanquished.

Grand Total: 207 creatures vanquished

Notes
Turn   | Place    | Note
-------+----------+-------------------------------------------
     0 | D:1      | eliilek the Minotaur Berserker began the quest for the Orb.
     0 | D:1      | Reached XP level 1. HP: 19/19 MP: 0/0
    86 | D:1      | Reached skill level 4 in Maces & Flails
   101 | D:1      | Reached XP level 2. HP: 27/27 MP: 1/1
   888 | D:2      | Reached XP level 3. HP: 31/33 MP: 2/2
  1013 | D:2      | Reached ** piety under Trog
  1119 | D:2      | Reached skill level 5 in Maces & Flails
  1731 | D:3      | Reached XP level 4. HP: 41/41 MP: 3/3
  1736 | D:3      | Found a shimmering blue altar of Sif Muna.
  2023 | D:3      | Noticed an ice beast
  2048 | D:3      | Killed an ice beast
  2049 | D:3      | Reached skill level 5 in Fighting
  2049 | D:3      | Reached skill level 6 in Maces & Flails
  2049 | D:3      | Reached XP level 5. HP: 48/48 MP: 4/4
  2386 | D:3      | Reached *** piety under Trog
  2826 | D:4      | Reached skill level 7 in Maces & Flails
  2826 | D:4      | Reached XP level 6. HP: 42/55 MP: 5/5
  2881 | D:4      | Noticed Pikel
  2917 | D:4      | Killed Pikel
  2918 | D:4      | Reached skill level 8 in Maces & Flails
  2918 | D:4      | Reached XP level 7. HP: 18/64 MP: 6/6
  3202 | D:4      | Reached skill level 9 in Maces & Flails
  3840 | D:4      | Noticed Grinder
  3864 | D:4      | Killed Grinder
  3865 | D:4      | Reached skill level 10 in Maces & Flails
  3865 | D:4      | Reached XP level 8. HP: 73/73 MP: 7/7
  4341 | D:5      | Entered Level 5 of the Dungeon
  4933 | D:5      | Found Gilikk's Jewellery Boutique.
  5032 | D:5      | Reached skill level 11 in Maces & Flails
  5764 | D:5      | Reached skill level 12 in Maces & Flails
  5764 | D:5      | Reached XP level 9. HP: 82/82 MP: 8/8
  5877 | D:5      | Reached **** piety under Trog
  7284 | D:7      | Found a staircase to the Ecumenical Temple.
  7486 | D:7      | Reached skill level 13 in Maces & Flails
  7573 | D:7      | Found a flagged portal.
  7585 | Bailey   | Entered a bailey
  7652 | Bailey   | Reached skill level 10 in Fighting
  7861 | Bailey   | Found a large runed translucent door.
  7861 | Bailey   | Found a large runed translucent door.
  7861 | Bailey   | Noticed an orc knight
  7954 | Bailey   | Noticed a deep elf zephyrmancer
  7961 | Bailey   | Killed an orc knight
  7962 | Bailey   | Reached skill level 14 in Maces & Flails
  7962 | Bailey   | Reached XP level 10. HP: 87/95 MP: 9/9
  7976 | Bailey   | Killed a deep elf zephyrmancer
  7998 | Bailey   | Identified the amulet "Vaczyca" {Acrobat rElec rF+ Int-2}
  8297 | D:7      | Found a white marble altar of Elyvilon.
  8501 | D:7      | Gained mutation: You are weak. (Str -2) [potion of
                  | mutation]
  8501 | D:7      | Gained mutation: You are dopey. (Int -2) [potion of
                  | mutation]
  8901 | D:8      | Reached skill level 1 in Ranged Weapons
  9232 | D:8      | Found a basalt altar of Yredelemnul.
  9581 | D:8      | Found a broken altar of Ashenzari.
  9699 | D:9      | Slain by an ogre

Illustrated notes

Levels and vault maps discovered:
D:1:      nicolae_arrival_washed_ashore, layout_loops_cross
D:2:      layout_loops_ring, chequers_serial_rivers_micro_b
D:3:      layout_loops_corners, mainiacjoe_overflow_tiny_flanked, serial_bayou,
          serial_bayou_pond_d, serial_bayou_lagoon_a, serial_bayou_shore_a,
          serial_bayou_pond_b, wander_ebering_terrifying_dragon_lair
D:4:      layout_basic, serial_co_window_serial, co_window_cross_1,
          co_window_corner_a, co_window_paths_a, co_window_of_opportunity_a,
          co_window_paths_b, co_window_of_opportunity_a, co_window_corner_a,
          co_window_paths_c, co_window_2corner, co_window_broadway_b,
          co_window_paths_e, lightli_sewer_entry_pipes, uniq_grinder, uniq_pikel
D:5:      layout_loops_corners, serial_shops, nicolae_shop_tiny_real_fake_doors,
          kennysheep_generic_room_5
D:6:      layout_cave_pods, chequers_serial_rivers_small_b
D:7:      layout_basic, elyvilon_altar_3, minmay_temple_entry_mini_moons,
          enter_bailey_4, water_boxes_lemuel
D:8:      layout_gridville, yredelemnul_altar_generic, grunt_ashenzari_visionary
          [grunt_ashenzari_visionary_shoals, grunt_ashenzari_visionary_spider],
          serial_bayou_pond_c, minivault_5
D:9:      layout_roguey [special_room_orc], old_standard_altar,
          grunt_gozag_breadcrumbs, amcnicky_altar_gilded, orc_0_dummy

Skill      XL: |  1  2  3  4  5  6  7  8  9 10 |
---------------+-------------------------------+-----
Maces & Flails | 4 5 6 7 8 10 12 14 | 14.0
Fighting       | 4 5 6 7 8 11 | 11.3
Armour         | 4 |  4.5
Dodging        | 3 |  3.3
Ranged Weapons | 1 |  1.2

Action                     |  1- 3 |  4- 6 |  7- 9 | 10-12 || total
---------------------------+-------+-------+-------+-------++-------
  Melee: Mace              |    90 |    65 |   237 |       ||   392
         Headbutt          |    10 |    10 |    42 |     5 ||    67
         Punch             |       |       |     4 |     1 ||     5
         Flail             |       |       |    96 |    46 ||   142
   Fire: Sling             |       |       |       |    19 ||    19
 Invoke: Berserk           |       |     2 |     2 |     1 ||     5
         Trog's Hand       |       |       |     1 |     1 ||     2
         Brothers in Arms  |       |       |     2 |       ||     2
    Use: Scroll            |       |     2 |     3 |     5 ||    10
         Potion            |       |       |       |     5 ||     5
 Armour: Ring mail         |    27 |    19 |       |       ||    46
         Scale mail        |       |    10 |    15 |       ||    25
         Plate armour      |       |       |   183 |    49 ||   232
  Dodge: Dodged            |    48 |    46 |   113 |    29 ||   236
  Block: Kite shield       |       |       |       |     2 ||     2
